Selects Airborne Battlegroup
Selects Airborne Battlegroup
Selects Paratrooper Squad Paradrop
Paratrooper Squad Paradrop
Paratrooper Squad Paradrop
Paratrooper Squad Paradrop
Paratrooper Squad Paradrop
Construct Medical Station
Mechanized Support Center
Selects Smoke Bombing Run
M18 Hellcat Tank Destroyer
Selects Carpet Bombing Run
Selects Anti-tank Gun Team Paradrop
Paratrooper Squad Paradrop
M4A1(76) Sherman Medium Tank
M4A1(76) Sherman Medium Tank